 Dungeon Crawl Stone Soup version 0.29.1-15-g9cfb28693d (webtiles) character file.

Game seed: 12719886386886093632

23381 raph the Frost Mage (level 12, -3/101 HPs)
             Began as a Pale Draconian Ice Elementalist on Apr 21, 2023.
             Was an Elder of Sif Muna.
             Slain by a komodo dragon (23 damage)
             ... on level 4 of the Lair of Beasts.
             The game lasted 00:24:41 (15490 turns).

raph the Frost Mage (DrIE)                         Turns: 15490, Time: 00:24:42

Health: -3/101     AC: 25    Str: 10    XL:     12   Next: 71%
Magic:  19/23      EV: 14    Int: 23    God:    Sif Muna [****..]
Gold:   709        SH:  0    Dex: 13    Spells: 4/26 levels left

rFire   . . .      SeeInvis .   z - +3 trident (pain)
rCold   + . .      Faith    .   (no shield)
rNeg    . . .      Spirit   .   (body armour unavailable)
rPois   .          Reflect  .   J - +2 hat {Int+3}
rElec   .          Harm     .   k - +1 cloak
rCorr   .          Rampage  .   e - +1 pair of gloves
Will    +....                   m - +1 pair of boots
Stlth   ++........              p - amulet of the acrobat
HPRegen 0.26/turn               l - ring of willpower
MPRegen 0.18/turn               D - ring of protection from cold

@: ice-armoured, freezing walls
A: breathe steam, AC +8, unfitting armour, cold-blooded, steam resistance
a: Breathe Steam, Renounce Religion, Channel Magic, Forget Spell, Divine
Exegesis


You were on level 4 of the Lair of Beasts.
You worshipped Sif Muna.
Sif Muna was greatly pleased with you.
You visited 3 branches of the dungeon, and saw 14 of its levels.

You collected 709 gold pieces.

Inventory:

Hand Weapons
 a - a +3 dagger of venom
 b - a +2 sling of flaming
 c - a +0 dagger
 z - a +3 trident of pain (weapon)
Missiles
 h - 20 poisoned darts
 F - 4 curare-tipped darts
 G - a silver javelin
Armour
 e - a +1 pair of gloves (worn)
 k - a +1 cloak (worn)
 m - a +1 pair of boots (worn)
 J - a +2 hat of intelligence (worn)
Jewellery
 l - a ring of willpower (left hand)
 p - an amulet of the acrobat (around neck)
 w - a ring of flight
 D - a ring of protection from cold (right hand)
Wands
 o - a wand of mindburst (15)
 y - a wand of charming (23)
 E - a wand of quicksilver (9)
Scrolls
 d - 3 scrolls of blinking
 f - 3 scrolls of fog
 r - 3 scrolls of magic mapping
 u - 3 scrolls of teleportation
 A - 3 scrolls of brand weapon
Potions
 g - 2 potions of magic
 i - 3 potions of cancellation
 j - 7 potions of heal wounds
 n - 3 potions of might
 q - 2 potions of attraction
 s - 5 potions of haste
 t - 5 potions of mutation
 v - 2 potions of flight
 x - 6 potions of curing
 B - 2 potions of brilliance
 C - 2 potions of berserk rage {unknown}
 H - a potion of resistance {unknown}
 I - 2 potions of invisibility {unknown}
 K - 2 potions of ambrosia {unknown}


   Skills:
 + Level 7.8 Fighting
 + Level 1.7 Polearms
 + Level 6.9 Dodging
 - Level 1.7 Stealth
 + Level 7.8 Spellcasting
 + Level 6.8 Conjurations
 * Level 6.0 Necromancy
 + Level 8.0 Translocations
 - Level 11.1 Ice Magic
 - Level 6.9 Invocations


You had 4 spell levels left.
You knew the following spells:

 Your Spells              Type           Power      Damage    Failure   Level
a - Freeze                Ice            100%       1d11      1%          1
b - Frozen Ramparts       Ice            100%       1d16      1%          3
c - Ozocubu's Armour      Ice            56%        N/A       1%          3
d - Blink                 Tloc           90%        N/A       1%          2
e - Hailstorm             Conj/Ice       50%        3d11      1%          4
f - Manifold Assault      Tloc           45%        N/A       8%          5
g - Animate Dead          Necr           36%        N/A       6%          4

Your spell library contained the following spells:

 Spells                   Type           Power      Damage    Failure   Level
 Lesser Beckoning         Tloc           45%        N/A       1%          3
 Cause Fear               Hex            4%         N/A       56%         4
 Borgnjor's Vile Clutch   Necr/Erth      11%        N/A       50%         5
 Death Channel            Necr           18%        N/A       67%         6
 Dragon Form              Tmut           4%         N/A       100%        7
 Dragon's Call            Summ           4%         N/A       100%        9


Dungeon Overview and Level Annotations

Branches:
Dungeon (8/15)             Temple (1/1) D:6            Lair (5/5) D:8
 Shoals (0/4) Lair:3       Spider (0/4) Lair:2
  Slime: Lair:4-5

Altars:
Ashenzari
Cheibriados
Dithmenos
Elyvilon
Fedhas
Gozag
Hepliaklqana
Kikubaaqudgha
Makhleb
Nemelex Xobeh
Okawaru
Qazlal
Ru
Sif Muna
Trog
Uskayaw
Vehumet
Wu Jian
Xom
Yredelemnul
Zin
The Shining One

Annotations:
D:8 6 runed translucent doors


Innate Abilities, Weirdness & Mutations

You can breathe blasts of scalding, opaque steam.
Your pale cyan-grey scales are hard. (AC +8)
You cannot fit into any form of body armour.
You are cold-blooded and may be slowed by cold attacks.
You are immune to the effects of steam.


Message History

You hit the wyvern.
You kill the wyvern!
Sif Muna accepts your kill.
The wall freezes the komodo dragon but does no damage.
The komodo dragon bites you but does no damage.
The wall freezes the snapping turtle!
The snapping turtle seems to slow down.
The snapping turtle barely misses you.
Your Necromancy skill increases to level 6!
You closely miss the komodo dragon.
You tail-slap the komodo dragon, but do no damage.
The komodo dragon is moderately wounded.
The wall freezes the komodo dragon but does no damage.
The komodo dragon bites you!!
The wall freezes the snapping turtle but does no damage.
The snapping turtle bites you but does no damage.
You are too injured to fight recklessly!
You are too injured to fight recklessly!
You are too injured to fight recklessly!
You barely miss the komodo dragon.
The komodo dragon is moderately wounded.
The wall freezes the komodo dragon!
The komodo dragon bites you!
* * * LOW HITPOINT WARNING * * *
You barely miss the komodo dragon.
The komodo dragon is heavily wounded.
The wall freezes the komodo dragon but does no damage.
The komodo dragon bites you but does no damage.
The wall freezes the snapping turtle but does no damage.
The snapping turtle bites you but does no damage.
The wall freezes the komodo dragon.
The komodo dragon seems to slow down.
The komodo dragon barely misses you.
You hit the komodo dragon.
Your tail-slap misses the komodo dragon.
The komodo dragon is severely wounded.
The wall freezes the snapping turtle but does no damage.
The snapping turtle bites you.
* * * LOW HITPOINT WARNING * * *
You puncture the komodo dragon!
The komodo dragon is almost dead.
The wall freezes the komodo dragon.
The komodo dragon bites you!!
You die...

##.#.###P#.#....####.P###
#..............##...P.##
##.......................
#........................
##...................<...
#........................
##...............##..##..
#................###.###.
#......#@.......####.###.
##...##.l.t##....###...#..
#.#..#...>.#.....##....###
###.........#.....##...###
#..##.....#.....###....#P
##.##.P.#.#P....##.......
#.#..#..##......#.#.##..
###..............P###..##.
#.#..............####.###.


You could see a snapping turtle (slow) and a komodo dragon (slow).

Vanquished Creatures
  Nessos (Lair:3)
  A hydra (Lair:2)
  A boulder beetle (Lair:1)
  A catoblepas (Lair:3)
  Sonja (Lair:3)
  A merfolk siren (Lair:3)
  4 black mambas
  5 cane toads
  2 rime drakes (Lair:1)
  5 komodo dragons
  A polar bear (Lair:2)
  Prince Ribbit (D:8)
  4 dream sheep (Lair:3)
  11 blink frogs
  A hornet (Lair:2)
  A jumping spider (D:8)
  2 wyverns
  Sigmund (D:5)
  2 basilisks
  24 yaks
  2 redbacks (D:8)
  3 wargs (D:8)
  6 water moccasins
  2 ice beasts
  2 orc warriors
  2 black bears (Lair:2)
  3 ogres
  9 wolves
  3 centaurs
  15 bullfrogs
  A necrophage (D:7)
  A scorpion (D:7)
  12 wights
  3 killer bees (D:8)
  A howler monkey (D:5)
  2 orc priests
  2 hounds
  3 jellies
  3 iguanas
  A gnoll bouda (D:8)
  3 orc wizards
  A mummy (D:4)
  14 gnolls
  2 adders (D:2)
  A shadow imp (D:6)
  3 white imps
  3 worms
  2 dart slugs
  13 orcs
  6 bats
  7 endoplasms
  A giant cockroach (D:1)
  6 goblins
  3 hobgoblins
  3 jackals (D:3)
  4 kobolds
  4 ball pythons
  6 frilled lizards
  5 rats
233 creatures vanquished.

Vanquished Creatures (collateral kills)
  Gastronok (Lair:3)
  A black mamba (Lair:1)
  A blink frog (Lair:2)
  A jumping spider (Lair:2)
  A yak (Lair:2)
  A basilisk (Lair:2)
  A steam dragon (Lair:2)
  A water moccasin (Lair:3)
  2 bullfrogs (Lair:2)
10 creatures vanquished.

Vanquished Creatures (others)
  2 dream sheep zombies (Lair:3)
  A basilisk zombie (Lair:2)
  26 fungi
  35 plants
64 creatures vanquished.

Grand Total: 307 creatures vanquished

Notes
Turn   | Place    | Note
-------+----------+-------------------------------------------
     0 | D:1      | raph the Draconian Ice Elementalist began the quest for the
                  | Orb.
     0 | D:1      | Reached XP level 1. HP: 14/14 MP: 3/3
   222 | D:1      | Reached XP level 2. HP: 20/20 MP: 5/5
   532 | D:1      | Found a faded altar of an unknown god.
   708 | D:2      | You fall into a shaft and drop 2 floors!
   907 | D:2      | Reached skill level 5 in Ice Magic
   907 | D:2      | Reached XP level 3. HP: 21/26 MP: 3/6
  1083 | D:2      | Learned a level 3 spell: Frozen Ramparts
  2352 | D:3      | Reached XP level 4. HP: 33/33 MP: 3/7
  2356 | D:3      | Learned a level 3 spell: Ozocubu's Armour
  3024 | D:4      | Found a glowing golden altar of the Shining One.
  3205 | D:4      | Found a hazy altar of Hepliaklqana.
  3474 | D:4      | Found a snail-covered altar of Cheibriados.
  3597 | D:4      | Found a basalt altar of Yredelemnul.
  3597 | D:4      | Found a burning altar of Makhleb.
  3607 | D:4      | Reached skill level 6 in Ice Magic
  3802 | D:5      | Entered Level 5 of the Dungeon
  3824 | D:5      | Reached XP level 5. HP: 38/38 MP: 4/8
  3890 | D:5      | Noticed a +0 dagger
  3890 | D:5      | Noticed a +0 dagger
  3892 | D:5      | Found a hide-covered altar of Uskayaw.
  3892 | D:5      | Noticed a wyvern
  3892 | D:5      | Noticed an ogre
  3902 | D:5      | Killed an ogre
  3903 | D:5      | Reached skill level 7 in Ice Magic
  3908 | D:5      | Killed a wyvern
  3909 | D:5      | Reached XP level 6. HP: 21/45 MP: 0/9
  4168 | D:5      | Noticed an ice beast
  4194 | D:5      | Killed an ice beast
  4195 | D:5      | Reached skill level 8 in Ice Magic
  4458 | D:5      | Your scales start taking on a pale cyan-grey colour.
  4458 | D:5      | Reached XP level 7. HP: 50/50 MP: 3/10
  4458 | D:5      | Gained mutation: You are immune to the effects of steam.
                  | [Pale Draconian growth]
  4461 | D:5      | Learned a level 2 spell: Blink
  4762 | D:5      | Noticed Sigmund
  4774 | D:5      | Killed Sigmund
  4775 | D:5      | Reached skill level 1 in Translocations
  4991 | D:6      | Found a staircase to the Ecumenical Temple.
  5010 | Temple   | Entered the Ecumenical Temple
  5050 | Temple   | Became a worshipper of Sif Muna the Loreminder
  5073 | D:6      | Found a shadowy altar of Dithmenos.
  5279 | D:6      | Reached skill level 9 in Ice Magic
  5484 | D:6      | Reached XP level 8. HP: 28/57 MP: 6/13
  5654 | D:6      | Found a blossoming altar of Fedhas.
  5986 | D:6      | Reached skill level 1 in Fighting
  6274 | D:6      | Learned a level 4 spell: Hailstorm
  6342 | D:7      | Reached skill level 1 in Conjurations
  6342 | D:7      | Reached skill level 10 in Ice Magic
  6836 | D:7      | Reached * piety under Sif Muna
  6837 | D:7      | Reached XP level 9. HP: 33/67 MP: 3/15
  7816 | D:8      | Reached skill level 1 in Invocations
  7912 | D:8      | Found a staircase to the Lair.
  7912 | D:8      | Noticed Prince Ribbit
  7963 | D:8      | Killed Prince Ribbit
  7964 | D:8      | Reached skill level 5 in Spellcasting
  8227 | D:8      | Found a shimmering altar of Xom.
  8791 | D:8      | Identified the +7 flail of Son Gair {flame, rCorr Str+2
                  | Int-4 Dex+5}
  8918 | D:8      | Reached skill level 5 in Translocations
  8938 | D:8      | Found a runed translucent door.
  8938 | D:8      | Found the +5 demon whip "Spellbinder" {antimagic, Will+}
  8947 | D:8      | Reached ** piety under Sif Muna
  8997 | D:8      | Reached XP level 10. HP: 78/78 MP: 11/18
  9081 | D:8      | Found a runed translucent gate.
  9081 | D:8      | Found a runed translucent gate.
  9081 | D:8      | Found a runed translucent gate.
  9081 | D:8      | Found a runed translucent gate.
  9081 | D:8      | Found a runed translucent gate.
  9081 | D:8      | Found a runed translucent gate.
  9081 | D:8      | Noticed a boulder beetle
  9081 | D:8      | Noticed a lindwurm
  9153 | Lair:1   | Entered Level 1 of the Lair of Beasts
  9200 | Lair:1   | Noticed a black mamba
  9207 | Lair:1   | Killed a black mamba
  9413 | Lair:1   | Learned a level 5 spell: Manifold Assault
  9502 | Lair:1   | Reached skill level 5 in Fighting
  9604 | Lair:1   | Noticed a black mamba
  9611 | Lair:1   | Killed a black mamba
  9612 | Lair:1   | Reached skill level 11 in Ice Magic
  9634 | Lair:1   | Reached skill level 5 in Dodging
  9681 | Lair:1   | Noticed a black mamba
  9687 | Lair:1   | Killed a black mamba
  9745 | Lair:1   | Noticed a black mamba
  9754 | Lair:1   | Killed a black mamba
  9755 | Lair:1   | Reached XP level 11. HP: 77/88 MP: 12/20
  9854 | Lair:1   | Noticed a boulder beetle
  9867 | Lair:1   | Killed a boulder beetle
  9868 | Lair:1   | Reached skill level 5 in Invocations
 10259 | Lair:1   | Reached skill level 5 in Conjurations
 10862 | Lair:1   | Learned a level 4 spell: Animate Dead
 11284 | Lair:2   | Reached *** piety under Sif Muna
 11285 | Lair:2   | Reached skill level 1 in Necromancy
 11469 | Lair:2   | Noticed a four-headed hydra
 11484 | Lair:2   | Killed a four-headed hydra
 11931 | Lair:2   | Found a hole to the Spider Nest.
 12402 | Lair:3   | Noticed Gastronok
 12406 | Lair:3   | Reached XP level 12. HP: 81/100 MP: 15/22
 12440 | Lair:3   | Killed Gastronok
 12659 | Lair:3   | Noticed Sonja
 12666 | Lair:3   | Killed Sonja
 12821 | Lair:3   | Noticed Nessos
 12839 | Lair:3   | Killed Nessos
 13384 | Lair:3   | Noticed a catoblepas
 13403 | Lair:3   | Killed a catoblepas
 13404 | Lair:3   | Reached skill level 5 in Necromancy
 13653 | Lair:3   | Found a staircase to the Shoals.
 14188 | Lair:4   | Reached skill level 1 in Polearms
 15206 | Lair:4   | Reached **** piety under Sif Muna
 15466 | Lair:5   | Entered Level 5 of the Lair of Beasts
 15490 | Lair:4   | Slain by a komodo dragon

Illustrated notes

Levels and vault maps discovered:
D:1:      ebering_trefoil_twist, layout_rooms,
          hellmonk_ecumenical_altar_crossroads, corexii_corridor_pit
D:2:      cheibrodos_old_hovel, layout_basic
D:3:      layout_loops_ring
D:4:      layout_cave_pools, kennysheep_mini, chei_slow_surprise,
          mainiacjoe_overflow_catwalk, gammafunk_temple_overflow_pools
D:5:      layout_gridville, dancing_weapons_uskayaw, uniq_sigmund
D:6:      nicolae_whirlpool, layout_loops_ring, fedhas_bush_and_centaur_altar,
          mainiacjoe_overflow_small_starburst, minmay_temple_entry_hall
D:7:      layout_layer_cave
D:8:      gammafunk_indiana_jones, layout_basic, lemuel_doored_altar,
          erik_lair_orcish_takeover, uniq_prince_ribbit1
Temple:   nicolae_temple_god_jail
Lair:1:   layout_concentric_octagons, st_stairs_6,
          chequers_serial_rivers_room_b, grunt_megastairs_2,
          serial_bayou_shore_b
Lair:2:   layout_long_grid, spider_nest_entry_a, beast_lair_carwin_5
Lair:3:   layout_loops_ring, minmay_shoals_entry_lonely_mermaid, minmay_holes,
          uniq_sonja, uniq_gastronok, uniq_nessos
Lair:4:   layout_regular_city
Lair:5:   gammafunk_lair_ancient_temple, layout_misc_corridors,
          dpeg_slime_entry_enclosed, serial_bayou_pond_a, serial_bayou_crossing

Skill      XL: |  1  2  3  4  5  6  7  8  9 10 11 12 |
---------------+-------------------------------------+-----
Ice Magic      | 5 6 7 8 9 10 11 | 11.1
Translocations | 2 3 5 6 7 8 |  8.0
Spellcasting   | 3 4 5 6 7 |  7.8
Fighting       | 2 4 5 7 |  7.8
Dodging        | 2 4 5 6 |  6.9
Conjurations   | 1 3 4 6 |  6.8
Invocations    | 3 4 6 |  6.9
Necromancy     | 3 6 |  6.0
Polearms       | 1 |  1.7
Stealth        | |  1.7

Action                   |  1- 3 |  4- 6 |  7- 9 | 10-12 || total
-------------------------+-------+-------+-------+-------++-------
Melee: Dagger            |    29 |    57 |   116 |   129 ||   331
       Tailslap          |     5 |     9 |    18 |    33 ||    65
       Punch             |       |       |     1 |     3 ||     4
       Trident           |       |       |       |   111 ||   111
Throw: Javelin           |       |       |       |     1 ||     1
 Cast: Freeze            |    32 |     1 |       |     8 ||    41
       Frozen Ramparts   |     8 |    14 |    26 |    49 ||    97
       Ozocubu's Armour  |       |     7 |    22 |    22 ||    51
       Hailstorm         |       |       |     9 |     5 ||    14
       Blink             |       |       |     1 |       ||     1
       Manifold Assault  |       |       |       |    20 ||    20
       Animate Dead      |       |       |       |     2 ||     2
Invok: Channel Magic     |       |       |       |     3 ||     3
 Abil: Breathe Steam     |       |       |    32 |    21 ||    53
  Use: Scroll            |     8 |     3 |    10 |     4 ||    25
       Potion            |       |       |       |     1 ||     1
 Stab: Sleeping          |     3 |       |     1 |       ||     4
       Distracted        |       |       |     1 |     2 ||     3
Armor: Skin              |    12 |    19 |    39 |   128 ||   198
Dodge: Dodged            |    23 |    36 |    88 |   203 ||   350
